 Dungeon Crawl Stone Soup version 0.31-a0-948-gf5be29c462 (webtiles) character file.

Game seed: 17613201345628979157

3209 Dirtsage the Cleaver (level 9, 0/52 (68) HPs)
             Began as a Demonspawn Fighter on Oct 21, 2023.
             Killed by divine providence
             ... invoked by Jeremiah
              (14 damage)
             ... on level 8 of the Dungeon.
             The game lasted 00:10:52 (6126 turns).

Dirtsage the Cleaver (Demonspawn Fighter)           Turns: 6126, Time: 00:10:52

HP:   0/52 (68)     AC: 10    Str: 21    XL:     9   Next: 65%
MP:   9/9           EV:  8    Int: 10    God:
Gold: 297           SH:  9    Dex: 12    Spells: 8/8 levels left

rFire   . . .        a - +0 war axe
rCold   . . .        C - +0 kite shield
rNeg    . . .        b - +0 scale mail
rPois   .            (no helmet)
rElec   .            (cloak unavailable)
rCorr   .            z - +0 pair of gloves
SInv    .            G - +0 pair of boots {Fly}
Will    .....        w - amulet of regeneration Stlth
                     (no ring)
HPRegen 1.08/turn    (no ring)
MPRegen 0.11/turn

%: no passive effects
@: flying, heavily drained
A: molten scales 1, spiny 1, weakness stinger 3
a: no special abilities


You were on level 8 of the Dungeon.
You visited 2 branches of the dungeon, and saw 9 of its levels.

You collected 499 gold pieces.
You spent 202 gold pieces at shops.

Inventory:

Hand Weapons
 a - a +0 war axe (weapon)
Missiles
 E - a curare-tipped dart
Armour
 b - a +0 scale mail (worn)
 c - a +0 buckler
 z - a +0 pair of gloves (worn)
 C - a +0 kite shield (worn)
 G - a +0 pair of boots of flying (worn)
Magical Staves
 A - a staff of cold
Jewellery
 e - an amulet of faith
 o - a +6 ring of intelligence
 s - a ring of ice
 w - an amulet of regeneration (around neck)
 B - a +6 ring of dexterity
Wands
 x - a wand of flame (8)
 F - a wand of roots (1)
Scrolls
 g - 3 scrolls of teleportation {unknown}
 h - 3 scrolls of poison {unknown}
 i - a scroll of amnesia {unknown}
 k - 9 scrolls of identify {unknown}
 r - a scroll of revelation {unknown}
 t - 2 scrolls of acquirement {unknown}
 u - 2 scrolls of enchant armour {unknown}
 v - 2 scrolls of vulnerability {unknown}
 y - a scroll of immolation {unknown}
 D - a scroll of blinking {unknown}
Potions
 d - a potion of might
 f - 5 potions of curing {unknown}
 j - 2 potions of degeneration {unknown}
 l - a potion of ambrosia {unknown}
 m - a potion of heal wounds {unknown}
 n - a potion of lignification {unknown}
 p - 2 potions of resistance {unknown}
 q - 2 potions of cancellation {unknown}


   Skills:
 + Level 5.1 Fighting
 * Level 11.4 Axes
 - Level 2.6 Armour
 * Level 4.6 Shields


You had 8 spell levels left.
You didn't know any spells.
Your spell library contained the following spells:

 Spells                   Type           Power      Damage    Failure   Level
 Magic Dart               Conj           0%         1d3       93%         1
 Lesser Beckoning         Tloc           0%         N/A       98%         2
 Searing Ray              Conj           0%         2d4       98%         2
 Static Discharge         Conj/Air       0%         3-3/arc   98%         2
 Gell's Gravitas          Tloc           0%         N/A       100%        3
 Stone Arrow              Conj/Erth      0%         3d7       100%        3
 Teleport Other           Tloc           0%         N/A       100%        3
 Airstrike                Air            0%         2d(0-16)  100%        4
 Animate Armour           Summ/Erth      0%         N/A       100%        4
 Fulminant Prism          Conj/Hex       0%         3d5       100%        4
 Summon Lightning Spire   Summ/Air       0%         N/A       100%        4
 Lehudib's Crystal Spear  Conj/Erth      0%         10d2      100%        8


Dungeon Overview and Level Annotations

Branches:
Dungeon (8/15)             Temple (1/1) D:7
   Lair: D:8-11

Altars:
Cheibriados
Dithmenos
Fedhas
Gozag
Hepliaklqana
Kikubaaqudgha
Makhleb
Nemelex Xobeh
Qazlal
Ru
Sif Muna
Trog
Uskayaw
Vehumet
Wu Jian
Xom
Yredelemnul

Shops:
D:2 (=   D:8 [

Annotations:
D:7 1 runed translucent door, Crazy Yiuf
D:8 Jeremiah


Innate Abilities, Weirdness & Mutations

You are partially covered in molten scales. (AC +2)
You are partially covered in sharp spines.
You have a sharp stinger which inflicts weakening toxins.


Message History

Roots grab the butterfly.
Roots grab the butterfly.
Roots grab Jeremiah.
Roots grab the butterfly.
The grasping roots constrict Jeremiah.
The grasping roots constrict the butterfly.
You kill the butterfly!
The butterfly disappears in a burst of colours!
The grasping roots constrict the butterfly.
You kill the butterfly!
The butterfly disappears in a burst of colours!
The grasping roots constrict the butterfly.
You kill the butterfly!
The butterfly disappears in a burst of colours!
Jeremiah struggles to escape constriction.
Aiming: Fastroot
Press: ? - help, Shift-Dir - straight line, f - butterfly, p - Jeremiah
Aim: a butterfly (summoned)
The roots erupt in riotous growth!
Roots grab the butterfly.
Roots grab the butterfly.
Jeremiah is unaffected.
The grasping roots constrict Jeremiah.
The grasping roots constrict the butterfly.
You kill the butterfly!
The butterfly disappears in a burst of colours!
The grasping roots constrict the butterfly.
You kill the butterfly!
The butterfly disappears in a burst of colours!
The roots release their grip on Jeremiah.
The butterfly disappears in a burst of colours!
Jeremiah cries, "Fearful master, protect me!"
Something smites you!
* * * LOW HITPOINT WARNING * * *
You take 14 damage, and have 11/52 hp.
MASSIVE DAMAGE!!
The butterfly disappears in a burst of colours!
You closely miss the butterfly.
The butterfly disappears in a burst of colours!
Jeremiah lets out a twisted cry.
Something smites you!
You die...
Jeremiah says, "O terrible one, your will is done."

######.##
#.bF.#..##
#.bbb#...#
#bbb..#..##
#.....#...##
#..b...# ..#
#.b...#...#
#..b...#
##@...## [.
##.##### ....
#.>.## #.....
##...##
#......
#....##.......
#.............
##............
##.:.........
##..........


You could see Jeremiah.

Vanquished Creatures
  Pikel (D:5)
  A hornet (D:5)
  Prince Ribbit (D:8)
  A wyvern (D:5)
  2 steam dragons
  Menkaure (D:7)
  A water moccasin (D:7)
  2 black bears
  2 ice beasts
  An orc warrior (D:7)
  2 sky beasts
  Blork the orc (D:4)
  A kobold brigand (D:7)
  3 scorpions
  3 wights
  A jelly (D:6)
  2 hounds
  3 orc priests
  A gnoll bouda (D:5)
  A sleepcap (D:6)
  3 orc wizards
  6 iguanas
  10 gnolls
  3 adders
  A shadow imp (D:7)
  A white imp (D:5)
  2 ufetubi (D:7)
  5 worms
  3 dart slugs
  24 orcs
  8 endoplasms
  7 giant cockroaches
  5 goblins
  8 hobgoblins
  15 kobolds
  2 quokkas
  10 ball pythons
  6 bats
  A frilled lizard (D:1)
  4 rats
155 creatures vanquished.

Notes
Turn   | Place    | Note
-------+----------+-------------------------------------------
     0 | D:1      | Dirtsage the Demonspawn Fighter began the quest for the
                  | Orb.
     0 | D:1      | Reached XP level 1. HP: 18/18 MP: 1/1
    27 | D:1      | Reached skill level 2 in Axes
   156 | D:1      | Gained mutation: You are partially covered in sharp spines.
                  | [demonic ancestry]
   156 | D:1      | Reached XP level 2. HP: 8/24 MP: 2/2
   512 | D:1      | Reached skill level 3 in Axes
   895 | D:2      | Gained mutation: You have a small tail. [demonic ancestry]
   895 | D:2      | Reached XP level 3. HP: 27/29 MP: 3/3
  1056 | D:2      | Found Vihoisioff's Weapon Emporium.
  1163 | D:2      | Gained mutation: You have a tail ending in a sharp stinger.
                  | [demonic ancestry]
  1163 | D:2      | Reached XP level 4. HP: 35/35 MP: 4/4
  1165 | D:2      | Reached skill level 4 in Axes
  1332 | D:2      | Found Ruanet's Jewellery Boutique.
  2100 | D:3      | Found a burning altar of Makhleb.
  2335 | D:3      | Noticed a scorpion
  2343 | D:3      | Killed a scorpion
  2344 | D:3      | Reached skill level 5 in Axes
  2344 | D:3      | Reached XP level 5. HP: 37/41 MP: 5/5
  2913 | D:4      | Noticed Blork the orc
  2923 | D:4      | Killed Blork the orc
  2924 | D:4      | Reached XP level 6. HP: 31/47 MP: 6/6
  3032 | D:4      | Reached skill level 6 in Axes
  3409 | D:4      | Reached skill level 7 in Axes
  3409 | D:4      | Gained mutation: You have a sharp stinger which inflicts
                  | weakening toxins. [demonic ancestry]
  3409 | D:4      | Reached XP level 7. HP: 41/52 MP: 7/7
  3683 | D:5      | Entered Level 5 of the Dungeon
  3683 | D:5      | Noticed Pikel
  3859 | D:5      | Noticed a wyvern
  3865 | D:5      | Killed a wyvern
  3866 | D:5      | Reached skill level 8 in Axes
  4101 | D:5      | Killed Pikel
  4102 | D:5      | Reached skill level 9 in Axes
  4102 | D:5      | Gained mutation: You are partially covered in molten
                  | scales. (AC +2) [demonic ancestry]
  4102 | D:5      | Reached XP level 8. HP: 33/58 MP: 8/8
  4151 | D:5      | Noticed a hornet
  4158 | D:5      | Paralysed by a hornet for 2 turns
  4163 | D:5      | Killed a hornet
  4164 | D:5      | Reached skill level 10 in Axes
  4697 | D:6      | Identified the +5 dagger "Wucwyu" {protect, Dex+4 SInv}
  4912 | D:7      | Reached XP level 9. HP: 50/63 MP: 9/9
  4938 | D:7      | Found a staircase to the Ecumenical Temple.
  4957 | Temple   | Entered the Ecumenical Temple
  4964 | D:7      | Found a hazy altar of Hepliaklqana.
  5079 | D:7      | Noticed Menkaure
  5083 | D:7      | Killed Menkaure
  5302 | D:7      | Found a runed translucent door.
  5303 | D:7      | Noticed Crazy Yiuf
  5396 | D:7      | Reached skill level 11 in Axes
  5440 | D:7      | Identified the +0 cloak of the Harvest Moon {Regen+ Str+2
                  | Int-4 Dex+3}
  5692 | D:7      | Found a hide-covered altar of Uskayaw.
  5945 | D:8      | Noticed Prince Ribbit
  5961 | D:8      | Killed Prince Ribbit
  5962 | D:8      | Reached skill level 5 in Fighting
  5976 | D:8      | Found Xarr's Antique Armour Shoppe.
  5985 | D:8      | Bought a pair of runed boots for 202 gold pieces
  6088 | D:8      | Noticed Jeremiah
  6126 | D:8      | Killed from afar by Jeremiah

Illustrated notes

Levels and vault maps discovered:
D:1:      ncdulo_smallfort, layout_basic, grunt_decor_arrowhead
D:2:      minmay_angry_zag, layout_basic, serial_shops, shop, shop, basic_altar,
          grunt_decor_clamped
D:3:      layout_basic, lightli_temple_of_fire
D:4:      layout_cave_pools, nicolae_houndstooth_variations, uniq_blork_the_orc
D:5:      layout_cave_pools, serial_column_ruins, column_ruins_courtyard_long,
          column_ruins_hut, column_ruins_grid_3, column_ruins_columns_corner,
          column_ruins_grid_1, column_ruins_columns_straight,
          column_ruins_columns_straight, column_ruins_grid_1,
          chequers_serial_rivers_marsh, uniq_pikel
D:6:      layout_cave_pools, tso_oasis_becter
D:7:      layout_basic, nicolae_uskayaw_dance_studio,
          mainiacjoe_overflow_alcove_2, minmay_temple_entry_proselytizer,
          uniq_crazy_yiuf_cottage, uniq_menkaure
D:8:      layout_cave_pods, okawaru_ov_weapons_minmay, serial_shops,
          nicolae_square_shop, wad_mini_maze, uniq_prince_ribbit1, uniq_amaemon,
          uniq_jeremiah, uniq_psyche
Temple:   eino_temple_scatter_basement

Skill      XL: |  1  2  3  4  5  6  7  8  9 |
---------------+----------------------------+-----
Axes           | 2 3 5 7 9 10 11 | 11.4
Shields        | 3 4 |  4.6
Fighting       | 5 |  5.1
Armour         | |  2.6

Action                     |  1- 3 |  4- 6 |  7- 9 || total
---------------------------+-------+-------+-------++-------
  Melee: War axe           |    85 |   103 |   254 ||   442
         Tailslap          |     9 |     6 |    39 ||    54
  Evoke: Wand              |       |       |     3 ||     3
 Armour: Scale mail        |    64 |    64 |   152 ||   280
  Dodge: Dodged            |    32 |    38 |   101 ||   171
  Block: Buckler           |    24 |    22 |    47 ||    93
         Kite shield       |       |       |     1 ||     1

Table legend: (Time is in decaauts)
 A = Elapsed time spent in this place.
 B = Non-inter-level travel time spent in this place.
 C = Inter-level travel time spent in this place.
 D = Time resting spent in this place.
 E = Time spent auto-exploring this place.
 F = Levels seen in this place.
 G = Mean time per level.
                   A        B        C        D        E       F      G
               +--------+--------+--------+--------+--------+-----+--------+
         Total |   6200 |   6037 |    163 |     26 |   5021 |   9 |  688.9 |
       Dungeon |   6198 |   6035 |    163 |     26 |   5021 |   8 |  774.8 |
        Temple |      1 |      1 |      0 |      0 |      0 |   1 |    1.0 |
               +--------+--------+--------+--------+--------+-----+--------+

Top non-repeatable levels by time:
     D:3: 1068 daAuts
     D:7: 1037 daAuts
     D:2: 952 daAuts
     D:1: 883 daAuts
     D:4: 850 daAuts
     D:5: 783 daAuts
     D:6: 435 daAuts
     D:8: 186 daAuts
  Temple: 1 daAuts
